 Dungeon Crawl Stone Soup version 0.28.0-49-g6dfe1f597d (webtiles) character file.

Game seed: 13090580458069494455

70 boopmooplesden the Poker (level 4, -2/41 HPs)
             Began as a Minotaur Berserker on May 19, 2022.
             Was a Believer of Trog.
             Slain by Sigmund
             ... wielding a +0 scythe
              (8 damage)
             ... on level 3 of the Dungeon.
             The game lasted 00:01:58 (2064 turns).

boopmooplesden the Poker (Minotaur Berserker)       Turns: 2064, Time: 00:01:59

Health: -2/41      AC:  3    Str: 21    XL:     4   Next: 3%
Magic:  3/3        EV: 16    Int:  4    God:    Trog [**....]
Gold:   110        SH:  5    Dex: 12    Spells: 3/3 levels left

rFire   . . .      SeeInvis .   a - +1 spear
rCold   . . .      Faith    .   (no shield)
rNeg    . . .      Spirit   .   b - +0 animal skin
rPois   .          Reflect  +   (helmet restricted)
rElec   .          Harm     .   (no cloak)
rCorr   +          Rampage  .   i - +0 pair of gloves
Will    .....                   (no boots)
Stlth   +.........              h - amulet of reflection
HPRegen 0.13/turn               d - ring of resist corrosion
MPRegen 0.08/turn               f - +4 ring of evasion

@: on berserk cooldown, slowed, very slow
A: horns 2, retaliatory headbutt
a: Renounce Religion, Berserk, Trog's Hand


You were on level 3 of the Dungeon.
You worshipped Trog.
Trog was pleased with you.
You visited 1 branch of the dungeon, and saw 3 of its levels.

You collected 110 gold pieces.

Inventory:

Hand Weapons
 a - a +1 spear (weapon)
Missiles
 j - a throwing net (quivered)
Armour
 b - a +0 animal skin (worn)
 i - a +0 pair of gloves (worn)
Jewellery
 d - a ring of resist corrosion (left hand)
 f - a +4 ring of evasion (right hand)
 h - an amulet of reflection (around neck)
Potions
 c - a potion of lignification {unknown}
 g - a potion of heal wounds {unknown}


   Skills:
 + Level 4.4 Fighting
 + Level 4.6 Polearms
 + Level 2.8 Armour
 + Level 2.9 Dodging
 + Level 0.1 Shields


You had 3 spell levels left.
You didn't know any spells.
Your spell library was empty.

Dungeon Overview and Level Annotations

Branches:
Dungeon (3/15)

Altars:

Annotations:
D:3 Sigmund


Innate Abilities, Weirdness & Mutations

You have a pair of horns on your head.
You reflexively headbutt those who attack you in melee.


Message History

You see here 9 gold pieces.
You bump into the rock wall.
You feel a strong urge to attack something.
Sigmund barely misses you.
You're too confused to move!
You feel your anger nearly subside.
You are no longer berserk.
You are exhausted.
You feel yourself slow down.
Sigmund points at you and mumbles some strange words.
The magic dart hits you.
You feel less confused. Sigmund casts a spell at you. The magic dart hits you.
You block Sigmund's attack. Sigmund casts a spell at you.
The magic dart hits you. Sigmund misses you. You furiously retaliate!
You headbutt Sigmund, but do no damage. You hit Sigmund but do no damage.
Sigmund is severely wounded.
You block Sigmund's attack.
You barely miss Sigmund. Your headbutt misses Sigmund.
Sigmund is severely wounded.
Sigmund barely misses you.
You barely miss Sigmund.
Sigmund is severely wounded.
Sigmund casts a spell at you.
You are confused.
Sigmund misses you.
Sigmund gestures wildly while chanting.
Sigmund flickers and vanishes!
Deactivating autopickup; reactivate with Ctrl-A.
Something hits you.
You feel less confused. Something hits you!
* * * LOW HITPOINT WARNING * * *
You hit something but do no damage. Something hits you.
* * * LOW HITPOINT WARNING * * *
You hit something but do no damage. Your headbutt misses something.
Something hits you!
You die...

#####
...####
#....#
#.<..#
#....#
+....#
#######$...#
#..........#
#.#####.{@.#
#........#
##.......#
##......#
........#
###...####
...#.# .#...


There were no monsters in sight!

Vanquished Creatures
  3 worms (D:2)
  3 dart slugs
  7 ball pythons
  8 bats
  5 endoplasms
  5 giant cockroaches
  A goblin (D:2)
  3 hobgoblins
  4 jackals (D:1)
  3 quokkas
  A frilled lizard (D:1)
  3 kobolds (D:1)
  4 rats
50 creatures vanquished.

Notes
Turn   | Place    | Note
-------+----------+-------------------------------------------
     0 | D:1      | boopmooplesden the Minotaur Berserker began the quest for
                  | the Orb.
     0 | D:1      | Reached XP level 1. HP: 19/19 MP: 0/0
    98 | D:1      | Reached XP level 2. HP: 19/27 MP: 1/1
   629 | D:1      | Reached XP level 3. HP: 32/33 MP: 2/2
   986 | D:2      | Reached ** piety under Trog
  1141 | D:2      | Found a faded altar of an unknown god.
  1851 | D:2      | Reached XP level 4. HP: 41/41 MP: 3/3
  2036 | D:3      | Noticed Sigmund
  2064 | D:3      | Slain by Sigmund

Illustrated notes

Levels and vault maps discovered:
D:1:      nicolae_arrival_washed_ashore, layout_loops_cross,
          supply_closet_lemuel
D:2:      layout_basic, basic_ecumenical_altar, minmay_tromino_v4_b
D:3:      layout_basic, gammafunk_ghost_necromancy, uniq_sigmund

Skill      XL: |  1  2 |
---------------+-------+-----
Fighting       | 4 |  4.4
Polearms       | 4 |  4.6
Armour         | |  2.8
Dodging        | |  2.9
Shields        | |  0.1

Action                   |  1- 3 |  4- 6 || total
-------------------------+-------+-------++-------
Melee: Spear             |    92 |     9 ||   101
       Headbutt          |    17 |     2 ||    19
Invok: Berserk           |       |     1 ||     1
  Use: Scroll            |       |     3 ||     3
 Stab: Sleeping          |     1 |       ||     1
Armor: Animal skin       |    15 |       ||    15
Dodge: Dodged            |    85 |     6 ||    91
Block: Other             |    12 |     2 ||    14
